 Dungeon Crawl Stone Soup version 0.29-a0-825-g72347fce65 (webtiles) character file.

Game seed: 8784324772818917442

93 Lekart the Trooper (level 4, -4/40 HPs)
             Began as a Draconian Fighter on July 11, 2022.
             Was an Initiate of Ashenzari.
             Slain by Natasha (13 damage)
             ... on level 3 of the Dungeon.
             The game lasted 00:02:35 (2125 turns).

Lekart the Trooper (Draconian Fighter)              Turns: 2125, Time: 00:02:35

Health: -4/40      AC:  6    Str: 20    XL:     4   Next: 36%
Magic:  4/4        EV: 12    Int:  9    God:    Ashenzari [......]
Gold:   85         SH:  4    Dex: 10    Spells: 3/3 levels left

rFire   . . .      SeeInvis .   a - +0 long sword
rCold   . . .      Faith    .   b - +0 buckler
rNeg    . . .      Spirit   .   (body armour unavailable)
rPois   .          Reflect  .   (helmet restricted)
rElec   .          Harm     .   (no cloak)
rCorr   .          Rampage  .   g - +0 pair of gloves
Will    .....                   (no boots)
Stlth   +.........              (no amulet)
HPRegen 0.13/turn               (no ring)
MPRegen 0.09/turn               (no ring)

@: slowed, very slow
A: AC +5, unfitting armour, cold-blooded
a: Renounce Religion


You were on level 3 of the Dungeon.
You worshipped Ashenzari.
Ashenzari was noncommittal.
You visited 1 branch of the dungeon, and saw 3 of its levels.

You collected 85 gold pieces.

Inventory:

Hand Weapons
 a - a +0 long sword (weapon)
Armour
 b - a +0 buckler (worn)
 g - a +0 pair of gloves (worn)
Jewellery
 n - a ring of see invisible
Wands
 m - a wand of flame (19)
Scrolls
 e - a scroll of blinking {unknown}
 i - 2 scrolls of poison {unknown}
 j - 3 scrolls of teleportation {unknown}
 l - 2 scrolls of identify {unknown}
 o - a scroll of fear {unknown}
 p - a scroll of noise {unknown}
 r - a scroll of magic mapping {unknown}
 s - a scroll of amnesia {unknown}
Potions
 c - a potion of might
 d - a potion of flight {unknown}
 f - 3 potions of resistance {unknown}
 h - a potion of curing {unknown}
 k - 3 potions of attraction {unknown}
 q - a potion of mutation {unknown}


   Skills:
 + Level 4.0 Fighting
 + Level 3.3 Long Blades
 + Level 3.1 Dodging
 + Level 1.0 Stealth
 + Level 3.2 Shields


You had 3 spell levels left.
You didn't know any spells.
Your spell library contained the following spells:

 Spells                   Type           Power      Damage    Failure   Level
 Freeze                   Ice            0%         1d3       47%         1
 Frozen Ramparts          Ice            0%         1d2       85%         3
 Hailstorm                Conj/Ice       0%         3d3       99%         4


Dungeon Overview and Level Annotations

Branches:
Dungeon (3/15)

Altars:
Ashenzari

Annotations:
D:3 Natasha


Innate Abilities, Weirdness & Mutations

Your plain brown scales are hard. (AC +5)
You cannot fit into any form of body armour.
You are cold-blooded and may be slowed by cold attacks.


Message History

The crimson imp is moderately wounded.
Natasha closely misses you.
The crimson imp disappears for a moment.
The crimson imp blinks!
The crimson imp enters a dispersal trap!
Natasha blinks!
You blink.
Natasha is nearby!
You closely miss Natasha.
Your tail-slap misses Natasha.
Natasha closely misses you.
You closely miss Natasha. Natasha claws you!
You are too injured to fight recklessly!
You are too injured to fight recklessly!
You are too injured to fight recklessly!
You closely miss Natasha. Natasha claws you!
* * * LOW HITPOINT WARNING * * *
The crimson imp blinks!
Natasha claws you.
* * * LOW HITPOINT WARNING * * *
You hit Natasha.
Natasha is moderately wounded.
Natasha casts a spell at you.
You feel yourself slow down.
You barely miss Natasha.
Natasha is moderately wounded.
Natasha misses you.
Natasha casts a spell.
You closely miss Natasha. You tail-slap Natasha.
Natasha is heavily wounded.
You block Natasha's attack. The crimson imp barely misses you.
The crimson imp blinks!
Natasha claws you.
* * * LOW HITPOINT WARNING * * *
You hit Natasha.
Natasha is severely wounded.
The crimson imp hits you but does no damage.
Natasha casts a spell.
The crimson imp closely misses you.
You closely miss Natasha.
Natasha is severely wounded.
Natasha closely misses you. The crimson imp barely misses you.
Natasha claws you!
You die...

##########.## #.######
#...........## #.#
#.######.....## #.#
#.###.........#
#.######
#......[.....##
##.#.....
#..##.##....#####.....#
#.....<..<..........#.#
##.##.###.#######.....#
#.##..5@5# ##.####
#.#####h.# #.#
#.#####..# #.#
#........# #'#
#######.## ... #.# ...
#.# #..?# #......


You could see Natasha (strong) and 2 crimson imps.

Vanquished Creatures
  Natasha (D:3)
  3 adders
  A dart slug (D:2)
  5 ball pythons
  5 endoplasms
  A giant cockroach (D:1)
  2 goblins
  4 hobgoblins
  2 jackals (D:1)
  2 bats
  3 frilled lizards
  3 kobolds (D:2)
  7 rats
39 creatures vanquished.

Notes
Turn   | Place    | Note
-------+----------+-------------------------------------------
     0 | D:1      | Lekart the Draconian Fighter began the quest for the Orb.
     0 | D:1      | Reached XP level 1. HP: 19/19 MP: 1/1
   289 | D:1      | Reached XP level 2. HP: 18/26 MP: 2/2
   817 | D:2      | Reached XP level 3. HP: 28/33 MP: 3/3
  1291 | D:2      | Found a faded altar of an unknown god.
  1637 | D:3      | Found a broken altar of Ashenzari.
  1649 | D:3      | Became a worshipper of Ashenzari the Shackled
  1660 | D:3      | Noticed Natasha
  1665 | D:3      | Killed Natasha
  1666 | D:3      | Reached skill level 4 in Fighting
  1666 | D:3      | Reached skill level 1 in Stealth
  1666 | D:3      | Reached XP level 4. HP: 35/40 MP: 4/4
  2111 | D:3      | Noticed Natasha
  2125 | D:3      | Slain by Natasha

Illustrated notes

Levels and vault maps discovered:
D:1:      saegor_arrival_simple_a, layout_basic
D:2:      layout_loops_ring, shapermc_ecumenical_altar_notcrosses
D:3:      layout_loops_corners, overflow_temple_1_default,
          evilmike_ruin_ashenzari, hangedman_decor_lopped,
          chequers_serial_rivers_micro_d, uniq_natasha

Skill      XL: |  1  2  3 |
---------------+----------+-----
Dodging        | 3 |  3.1
Fighting       | 4 |  4.0
Long Blades    | 3 |  3.3
Stealth        | 1 |  1.0
Shields        | |  3.2

Action                   |  1- 3 |  4- 6 || total
-------------------------+-------+-------++-------
Melee: Long sword        |    91 |    23 ||   114
       Tailslap          |    12 |     3 ||    15
 Stab: Sleeping          |     5 |       ||     5
       Distracted        |     1 |       ||     1
Armor: Skin              |    27 |     7 ||    34
Dodge: Dodged            |    58 |    16 ||    74
Block: Buckler           |    29 |     3 ||    32

Table legend: (Time is in decaauts)
 A = Elapsed time spent in this place.
 B = Non-inter-level travel time spent in this place.
 C = Inter-level travel time spent in this place.
 D = Time resting spent in this place.
 E = Time spent auto-exploring this place.
 F = Levels seen in this place.
 G = Mean time per level.
                   A        B        C        D        E       F      G
               +--------+--------+--------+--------+--------+-----+--------+
         Total |   2163 |   2134 |     29 |      0 |   1802 |   3 |  721.0 |
       Dungeon |   2163 |   2134 |     29 |      0 |   1802 |   3 |  721.0 |
               +--------+--------+--------+--------+--------+-----+--------+

Top non-repeatable levels by time:
     D:2: 954 daAuts
     D:1: 656 daAuts
     D:3: 552 daAuts
